Map: Jagannatha LE

Players

TeebuL - Winner!

  • Race: Protoss Protoss
  • Spawn Location: 7:00

RazerBlader

  • Race: Terran Terran
  • League: Grandmaster
  • Spawn Location: 1:00

Event: DreamHack SC2 Masters 2020 Winter

VOD

Have the link to the VOD?

Description

Time

  • Played on: Oct. 24, 2020, 5:36 a.m.
  • Length: 10:52

All games in this series

Show
View Real Time Build Order
Export as new Build Order

TeebuL Protoss - Winner!

Build Orders: Dark Templar Rush 

Get SALT Encoding   

  12  0:00  Probe  
  13  0:12  Probe  
  14  0:17  Pylon  
  14  0:24  Probe (Chrono Boost)  
  16  0:37  Probe (Chrono Boost), Gateway  
  16  0:41  Probe (Chrono Boost)  
  16  0:48  Assimilator  
  17  0:52  Probe  
  18  1:04  Probe  
  19  1:16  Probe  
  20  1:24  Cybernetics Core  
  20  1:27  Pylon  
  20  1:28  Zealot  
  22  1:40  Probe, Assimilator  
  23  1:52  Probe  
  24  1:58  Stalker (Chrono Boost)  
  26  2:04  Probe  
  26  2:06  Warp Gate  
  27  2:08  Shield Battery  
  27  2:16  Probe  
  27  2:20  Stalker  
  30  2:28  Probe  
  31  2:41  Nexus  
  31  2:47  Pylon  
  31  2:55  Twilight Council  
  31  2:59  Probe  
  31  3:02  Pylon  
  31  3:14  Pylon  
  31  3:20  Probe  
  32  3:31  Dark Shrine  
  32  3:32  Probe  
  32  3:33  Gateway  
  33  3:44  Probe  
  33  3:45  Shield Battery  
  34  3:53  Probe  
  34  3:55  Stalker  
  37  3:56  Probe  
  38  4:03  Pylon  
  38  4:05  Probe  
  38  4:08  Blink (Chrono Boost)  
  37  4:13  Probe  
  38  4:17  Probe (Chrono Boost)  
  38  4:23  Stalker  
  41  4:25  Probe (Chrono Boost)  
  41  4:29  Probe (Chrono Boost)  
  43  4:35  Probe (Chrono Boost)  
  43  4:36  Probe (Chrono Boost)  
  45  4:40  Probe (Chrono Boost)  
  45  4:43  Probe, Dark Templar  
  49  4:51  Probe  
  49  4:52  Dark Templar  
  52  4:55  Gateway  
  52  4:58  Probe  
  53  5:01  Assimilator  
  53  5:03  Robotics Facility  
  53  5:06  Pylon  
  53  5:09  Probe  
  54  5:17  Probe  
  55  5:23  Probe  
  51  5:30  Probe  
  51  5:33  Dark Templar  
  51  5:35  Probe  
  55  5:42  Probe  
  54  5:47  Probe  
  55  5:52  Charge (Chrono Boost)  
  55  5:54  Probe  
  54  5:59  Probe  
  54  6:03  Stalker x2  
  57  6:06  Probe, Nexus  
  57  6:10  Gateway  
  57  6:11  Probe, Gateway  
  59  6:13  Pylon  
  59  6:19  Gateway  
  59  6:21  Sentry  
  59  6:22  Probe  
  59  6:23  Probe  
  63  6:30  Immortal (Chrono Boost)  
  67  6:34  Probe  
  68  6:46  Stalker x3  
  74  6:51  Probe x2  
  74  6:53  Pylon  
  76  7:00  Immortal (Chrono Boost)  
  76  7:03  Probe  
  76  7:04  Probe  
  80  7:09  Zealot  
  80  7:10  Zealot  
  84  7:16  Shield Battery  
  84  7:18  Zealot  
  84  7:20  Zealot  
  88  7:22  Zealot  
  88  7:24  Sentry  
  92  7:31  Zealot  
  92  7:33  Warp Prism (Chrono Boost)  
  92  7:34  Pylon  
  96  7:42  Pylon  
  96  7:46  Forge  
  96  7:47  Sentry  
  96  7:48  Zealot  
  100  7:54  Pylon  
  100  8:09  Stalker x5  
  108  8:15  Protoss Ground Weapons Level 1 (Chrono Boost)  
  108  8:21  Probe  
  108  8:22  Probe  
  110  8:31  Zealot, Gateway  
  110  8:32  Zealot x4, Gateway  
  120  8:34  Gateway  
  118  8:53  Zealot x6  
  130  8:59  Templar Archives  
  130  9:07  Pylon x2  
  130  9:09  Pylon x2  
  130  9:11  Pylon  
  130  9:12  Pylon  
  130  9:13  Zealot  
  124  9:32  Stalker x2, Zealot x3  
  124  9:33  Zealot x3  
  136  9:41  Immortal (Chrono Boost)  
  140  9:53  Dark Templar x3  
  140  9:55  Zealot x4  
  140  9:59  Archon  
  154  10:03  Probe x2  
  156  10:17  Warp Prism (Chrono Boost)  
  156  10:19  Zealot x7  
  166  10:32  Pylon  
  166  10:34  Assimilator  
  166  10:35  Assimilator  
Show
View Real Time Build Order
Export as new Build Order

RazerBlader Terran 

Build Orders: 1/1/1, Liberator Opening 

Get SALT Encoding   

  12  0:00  SCV  
  13  0:12  SCV  
  14  0:18  Supply Depot  
  14  0:24  SCV  
  15  0:40  SCV  
  15  0:42  Barracks  
  16  0:46  Refinery  
  16  0:52  SCV  
  16  0:56  Refinery  
  17  1:04  SCV  
  18  1:16  SCV  
  19  1:29  Reaper, Orbital Command  
  20  1:43  Factory  
  20  1:57  SCV, Supply Depot  
  21  2:02  Reaper  
  22  2:09  SCV  
  23  2:21  SCV  
  24  2:27  Starport  
  24  2:28  Factory Tech Lab  
  24  2:33  SCV  
  25  2:38  Supply Depot  
  25  2:53  Siege Tank  
  25  2:55  SCV  
  29  3:11  Command Center  
  29  3:20  Viking, SCV  
  32  3:29  Cyclone  
  36  3:43  Supply Depot  
  36  3:44  SCV, Barracks  
  35  3:53  Liberator  
  38  4:08  SCV  
  39  4:11  Barracks Reactor  
  39  4:18  Barracks  
  39  4:20  SCV  
  39  4:23  Orbital Command  
  40  4:24  Siege Tank  
  43  4:33  SCV  
  44  4:42  Barracks Tech Lab  
  44  4:45  SCV, Orbital Command  
  45  4:50  Engineering Bay  
  45  4:53  Marine  
  45  4:54  Marine  
  45  4:57  SCV  
  48  5:01  Stimpack  
  48  5:09  SCV  
  48  5:10  Marauder  
  49  5:22  Missile Turret  
  49  5:25  SCV x2  
  46  5:29  Missile Turret  
  46  5:34  Marine  
  44  5:37  SCV x2  
  33  5:56  SCV  
  34  5:59  Marine  
  34  6:01  SCV  
  34  6:03  Marine  
  37  6:10  Marauder  
  39  6:12  SCV  
  39  6:15  SCV  
  41  6:19  Marauder  
  41  6:24  SCV  
  41  6:25  Starport Reactor, Factory Reactor  
  44  6:29  Marine  
  44  6:30  Marine  
  44  6:32  SCV  
  47  6:39  Marauder  
  49  6:40  Combat Shield  
  46  6:47  Marauder  
  46  6:50  SCV x2  
  46  6:52  Refinery, Marine x2  
  52  6:57  Concussive Shells  
  52  7:02  SCV x2  
  52  7:04  Marine  
  53  7:11  Marine x2  
  53  7:14  SCV x2  
  57  7:16  Supply Depot  
  57  7:19  Marauder  
  61  7:26  SCV, Marauder  
  62  7:30  Supply Depot  
  62  7:34  Terran Infantry Weapons Level 1  
  62  7:37  SCV, Marine x2  
  62  7:38  Supply Depot  
  62  7:41  SCV  
  68  7:47  Marauder  
  68  7:49  Marauder  
  69  7:52  Supply Depot  
  69  7:55  Marine  
  66  8:00  Marine  
  66  8:05  Medivac x2  
  68  8:08  Marine  
  68  8:09  SCV  
  68  8:11  Marauder  
  72  8:13  Marine  
  72  8:17  Widow Mine  
  72  8:18  Marine  
  77  8:20  Widow Mine  
  77  8:24  SCV x2  
  77  8:25  Supply Depot  
  79  8:28  Marauder  
  79  8:33  Marine  
  82  8:36  SCV, Marauder  
  82  8:39  Widow Mine  
  86  8:42  Widow Mine  
  87  8:49  Marine  
  87  8:50  Marauder  
  87  8:52  Medivac  
  87  8:54  SCV  
  91  9:00  Medivac  
  90  9:11  Marine x2  
  90  9:12  Marine x2  
  90  9:16  Widow Mine  
  96  9:29  Marine  
  96  9:30  Marauder x2, Marine  
  97  9:41  Widow Mine x2  
  101  10:02  SCV, Command Center  
  101  10:04  Marine  
  103  10:12  Widow Mine  
  103  10:13  Widow Mine  
  107  10:15  Marine  
  108  10:24  Ghost Academy  
  108  10:26  SCV  
  109  10:30  Marine  
  110  10:41  Supply Depot  
  110  10:44  Barracks  
Tags
 
Add a new tag
Caveats
  • Supply blocks, unpowered buildings, or Contaminate may cause inaccurate times.
  • Supply counts are checked every 10 seconds.